 Dungeon Crawl Stone Soup version 0.17.0-28-g6e173f8 (webtiles) character file.

85 hexophile the Scratcher (level 4, -4/21 HPs)
             Began as a Felid Monk on Nov 29, 2015.
             Killed from afar by an orc wizard (8 damage)
             ... with a magic dart
             ... on level 5 of the Dungeon.
             The game lasted 00:04:27 (2900 turns).

hexophile the Scratcher (Felid Monk)                Turns: 2900, Time: 00:04:27

Health: -4/21      AC:  1    Str:  8    XL:     4   Next: 25%
Magic:  5/5        EV: 26    Int: 11    God:
Gold:   126        SH:  0    Dex: 23    Spells: 0 memorised, 3 levels left
                                        Lives:  0   Deaths: 1

rFire  . . .     SeeInvis +       - Unarmed
rCold  . . .     Clarity  .     (armour unavailable)
rNeg   . . .     SustAt   .     (shield unavailable)
rPois  .         Gourm    .     (helmet unavailable)
rElec  .         Spirit   .     (cloak unavailable)
rCorr  .         Warding  .     (gloves unavailable)
rMut   .         Stasis   .     (boots unavailable)
MR     .....                    (no amulet)
Stlth  +++++.....               (no ring)
                                (no ring)

@: agile, lethally poisoned (-4 -> -14), quick, not resistant to hostile
enchantments, quite stealthy
A: no armour, no weapons or thrown items, claws 1, fangs 3, see invisible,
carnivore 3, speed 1, shaggy fur 1, slow metabolism 1, sharp paws
a: no special abilities


You were on level 5 of the Dungeon.
You were not hungry.

You visited 1 branch of the dungeon, and saw 5 of its levels.

You collected 126 gold pieces.


Innate Abilities, Weirdness & Mutations

You cannot wear armour.
You are incapable of wielding weapons or throwing items.
You have sharp claws.
You have razor-sharp teeth.
You have supernaturally acute eyesight.
You are carnivorous and can eat meat at any time.
You cover ground quickly.
You are covered in fur (AC +1).
You have a slow metabolism.
Your sharp claws are effective at attacking unaware monsters.

Inventory:

Wands
 j - a wand of slowing (22)
Scrolls
 b - 5 scrolls of identify {unknown}
 c - 2 scrolls of teleportation {unknown}
 d - a scroll of amnesia {unknown}
 f - 3 scrolls of fog {unknown}
 g - 3 scrolls of magic mapping {unknown}
 h - a scroll of noise {unknown}
 n - a scroll of blinking {unknown}
Potions
 e - a potion of brilliance {Archmagi Int+5 Wiz++}
Comestibles
 a - 3 meat rations
 r - 3 bread rations


You had 3 spell levels left.
You didn't know any spells.


   Skills:
 - Level 3.0 Fighting
 - Level 4.0 Dodging
 + Level 5.3 Stealth
 + Level 5.5 Unarmed Combat

Dungeon Overview and Level Annotations

Branches:
Dungeon (5/15)
 Temple: D:4-7

Altars:
Nemelex Xobeh
Vehumet

Annotations:
D:3 Terence
D:5 k

Vault maps used:
D:1:      lemuel_arrival_cross, dk_noncrumbling_4
D:2:      nicolae_overflow_crystal_walls, ecumenical_altar_1, minmay_cupped
D:3:      minitemple, first_bread, kennysheep_jessica_study, uniq_terence
D:4:      minmay_ruptured, uniq_eustachio, uniq_edmund
D:5:      overflow_temple_1_default, lemuel_crystal_altar, vehumet_statue,
          nicolae_ru_the_path_less_chosen
You       could see an orc priest and an orc wizard.


Message History

Found a scroll labeled UTOESO GEFY.
The orc wizard shouts!
You hear a shout!
The orc wizard casts a spell.
The orc wizard seems to speed up.
Things that are here:
a dagger; a scale mail; an orc skeleton The orc wizard closely misses you.
You barely miss the orc wizard.
The orc wizard gestures at you while chanting.
The magic dart hits you!
The orc wizard hits you but does no damage. !MASSIVE DAMAGE!
YOU LOST 10 HP!
You have now: 11/21 HP.
You scratch the orc wizard but do no damage.
The orc wizard misses you.
You scratch the orc wizard.
The orc wizard is moderately wounded.
The orc wizard hits you with a dagger.
You lost 1 HP.
You have now: 10/21 HP.
You scratch the orc wizard but do no damage.
The orc wizard is moderately wounded.
The orc wizard hits you with a dagger.
The orc priest calls upon Beogh to heal the orc wizard.
The orc wizard's wounds heal themselves!
The orc wizard hits you with a dagger.
* * * LOW HITPOINT WARNING * * *
You lost 5 HP.
You have now: 5/21 HP.
Drink which item? (? for menu, Esc to quit)
It was a potion of agility.
You feel agile all of a sudden.
The orc wizard hits you but does no damage.
The orc wizard casts a cantrip, but nothing happens.
Things that are here:
a dagger; a scale mail; an orc skeleton The orc wizard looks braver for a moment.
Drink which item? (? for menu, Esc to quit)
It was a potion of poison.
That liquid tasted very nasty...
You are lethally poisoned!
* * * LOW HITPOINT WARNING * * *
You feel sick.
You lost 1 HP.
You have now: 5/21 HP.
Unknown command.
* * * LOW HITPOINT WARNING * * *
You feel sick.
You lost 1 HP.
You have now: 4/21 HP.
Unknown command.
The orc wizard points at you and mumbles some strange words.
The magic dart hits you!
You die...

Action                   |  1- 3 |  4- 6 || total
-------------------------+-------+-------++-------
Melee: Unarmed           |    99 |    52 ||   151
  Use: Potion            |       |     7 ||     7
 Stab: Sleeping          |     9 |     5 ||    14
       Distracted        |     2 |       ||     2
  Eat: Chunk             |     6 |     3 ||     9
       Beef jerky        |     1 |       ||     1

Notes
Turn   | Place    | Note
--------------------------------------------------------------
     0 | D:1      | hexophile the Felid Monk began the quest for the Orb.
     0 | D:1      | Reached XP level 1. HP: 10/10 MP: 2/2
   106 | D:1      | Reached XP level 2. HP: 12/14 MP: 3/3
   466 | D:1      | Reached skill level 3 in Stealth
   753 | D:1      | Reached XP level 3. HP: 17/17 MP: 4/4
  1285 | D:2      | Reached skill level 5 in Unarmed Combat
  1360 | D:2      | Found a sparkling altar of Nemelex Xobeh.
  1377 | D:2      | Reached skill level 4 in Stealth
  1377 | D:2      | Reached XP level 4. HP: 9/21 MP: 5/5
  1825 | D:2      | Found a faded altar to an unknown god.
  2396 | D:3      | Noticed Terence
  2460 | D:5      | Entered Level 5 of the Dungeon
  2475 | D:5      | Reached skill level 5 in Stealth
  2501 | D:5      | Noticed a centaur
  2506 | D:5      | Slain by a centaur
  2507 | D:5      | Reached XP level 3. HP: -4/17 MP: 4/4
  2543 | D:5      | Found a radiant altar of Vehumet.
  2543 | D:5      | Noticed a charred statue
  2550 | D:5      | Killed a charred statue
  2550 | D:5      | Reached XP level 4. HP: 21/21 MP: 5/5
  2900 | D:5      | Killed from afar by an orc wizard

Table legend:
 A = Turns spent in this place as a percentage of turns spent in the entire game.
 B = Non-inter-level travel turns spent in this place as a percentage of non-inter-level travel turns spent in the entire game.
 C = Inter-level travel turns spent in this place as a percentage of turns spent in this place.
 D = Turns resting spent in this place as a percentage of non-inter-level travel turns spent in this place.
 E = Turns spent auto-exploring this place as a percentage of non-inter-level travel turns spent in this place.
 F = Non-inter-level travel turns spent in this place divided by the number of levels of this place that you've seen.
                   A       B       C       D       E      F
               +-------+-------+-------+-------+-------+----------------------
         Total | 100.0 | 100.0 |   0.2 |   3.5 |   6.5 | 170.4
       Dungeon | 100.0 | 100.0 |   0.2 |   3.5 |   6.5 | 170.4
               +-------+-------+-------+-------+-------+----------------------

Table legend:
 A = Kills in this place as a percentage of kills in entire the game.
 B = Kills by you in this place as a percentage of kills by you in the entire game.
 C = Kills by friends in this place as a percentage of kills by friends in the entire game.
 D = Other kills in this place as a percentage of other kills in the entire game.
 E = Experience gained in this place as a percentage of experience gained in the entire game.
 F = Experience gained in this place divided by the number of levels of this place that you have seen.
                   A       B       C       D       E      F
               +-------+-------+-------+-------+-------+----------------------
         Total | 100.0 | 100.0 |  -nan |  -nan | 100.0 |  43.0
       Dungeon | 100.0 | 100.0 |  -nan |  -nan | 100.0 |  43.0
               +-------+-------+-------+-------+-------+----------------------

Vanquished Creatures
  A giant frog skeleton (D:5)
  A statue (D:5)
  4 adders (D:2)
  A worm (D:2)
  A giant gecko (D:1)
  2 orcs
  2 ball pythons (D:2)
  6 giant cockroaches
  7 goblins
  7 hobgoblins
  2 quokkas (D:2)
  7 bats
  A giant gecko zombie (D:5)
  6 giant newts
  A jackal (D:2)
  9 kobolds
  7 rats
65 creatures vanquished.
